 Dungeon Crawl Stone Soup version 0.26-a0-307-g4e7fcc93f0 (webtiles) character file.

Game seed: 6410571003950942976

7447 Infinimo the Basher (level 10, -4/139 HPs)
             Began as a Minotaur Berserker on July 15, 2020.
             Was a High Priest of Trog.
             Slain by an orc warrior
             ... wielding the +7 morningstar "Goblinbane" {antimagic, +Rage rF+ Int+4 Dex-5}
              (6 damage)
             ... on level 9 of the Dungeon.
             The game lasted 00:14:53 (8183 turns).

Infinimo the Basher (Minotaur Berserker)            Turns: 8183, Time: 00:14:54

Health: -4/139     AC: 19    Str: 23    XL:     10   Next: 93%
Magic:  7/9        EV: 15    Int:  4    God:    Trog [*****.]
Gold:   353        SH:  0    Dex: 12    Spells: 9/9 levels left

rFire    + . .     SeeInvis .   p - +0 flail (freeze)
rCold    . . .     Faith    .   (no shield)
rNeg     . . .     Spirit   .   x - +0 plate armour
rPois    .         Reflect  .   s - +2 hat
rElec    .         Harm     .   o - +0 cloak
rCorr    .                      r - +0 pair of gloves
MR       .....                  (no boots)
Stlth    ..........             z - amulet of the acrobat
HPRegen  0.33/turn              f - ring of protection from fire
MPRegen  0.11/turn              w - +4 ring of evasion

@: berserking (expiring), studying Short Blades, very quick
A: retaliatory headbutt, horns 2
a: Berserk, Trog's Hand, Brothers in Arms, Renounce Religion


You were on level 9 of the Dungeon.
You worshipped Trog.
Trog was extremely pleased with you.
You visited 1 branch of the dungeon, and saw 10 of its levels.

You collected 437 gold pieces.
You spent 84 gold pieces at shops.

Inventory:

Hand Weapons
 p - a +0 flail of freezing (weapon)
Armour
 o - a +0 cloak (worn)
 r - a +0 pair of gloves (worn)
 s - a +2 hat (worn)
 x - a +0 plate armour (worn)
Jewellery
 b - the ring of Heixo {*Tele rElec rF- Str-5 Dex+8}
   (You took it off a gnoll on level 7 of the Dungeon)

   [ring of teleportation]

   It may teleport you next to monsters.
   It affects your strength (-5).
   It affects your dexterity (+8).
   It makes you vulnerable to fire.
   It insulates you from electricity.
 f - a ring of protection from fire (left hand)
 m - an uncursed ring of protection from magic
 w - a +4 ring of evasion (right hand)
 y - an uncursed ring of resist corrosion
 z - an amulet of the acrobat (around neck)
 B - a +6 ring of strength {unknown}
Scrolls
 a - a scroll of enchant armour
 d - 4 scrolls of magic mapping
 i - 5 scrolls of remove curse
 j - 3 scrolls of amnesia
 l - a scroll of teleportation
 A - a scroll of identify
 D - a scroll of fog
Potions
 c - 2 potions of haste
 e - a potion of mutation
 g - 2 potions of magic {unknown}
 h - 2 potions of stabbing
 k - 2 potions of degeneration
 n - a potion of brilliance
 q - a potion of invisibility
 t - a potion of might
 v - a potion of flight {unknown}
 C - a potion of cancellation {unknown}
 E - 2 potions of curing
Books
 u - a manual of Short Blades


   Skills:
 + Level 9.8 Fighting
 * Level 12.8 Maces & Flails
 + Level 9.3 Armour
 + Level 8.6 Dodging


You had 9 spell levels left.
You didn't know any spells.
Your spell library was empty.

Dungeon Overview and Level Annotations

Branches:
Dungeon (10/15)            Temple (0/1) D:4
   Lair: D:8-11         Orc: D:9-12

Altars:
Cheibriados
Elyvilon
Fedhas
Gozag
Hepliaklqana
Kikubaaqudgha
Makhleb
Nemelex Xobeh
Qazlal
Ru
Sif Muna
Trog
Vehumet
Yredelemnul

Shops:
D:4 (   D:6 (!

Annotations:
D:9 1 transporter, Necrophagist's ghost, novice DrTm
D:10 1 runed translucent door, Duliub's ghost, journeyman OgHu; Sonja


Innate Abilities, Weirdness & Mutations

You reflexively headbutt those who attack you in melee.
You have a pair of horns on your head.


Message History

The tengu warrior goes berserk!
The tengu warrior hits you with the +4 flail of the Evil Eye {vamp, +Rage}!
* * * LOW HITPOINT WARNING * * *
The tengu warrior draws strength from your wounds!
The tengu warrior pecks you.
* * * LOW HITPOINT WARNING * * *
You sock the two-headed ogre! You freeze the two-headed ogre.
You kill the two-headed ogre!
Trog accepts your kill.
You hear two shouts!
You sock the tengu warrior! You freeze the tengu warrior.
The tengu warrior is heavily wounded.
The tengu warrior hits you with the +4 flail of the Evil Eye {vamp, +Rage}!!
* * * LOW HITPOINT WARNING * * *
The tengu warrior pecks you.
* * * LOW HITPOINT WARNING * * *
The tengu warrior claws you.
* * * LOW HITPOINT WARNING * * *
The orc warrior hits you with the +7 morningstar "Goblinbane" {antimagic, +Rage rF+ Int+4 Dex-5}.
You die...

#.# #.#.##.# #####......
#.####.#.##.# ####...
#...........# #......
#####....#### #.#####
###...©...### #.#####
##...#####...## #(#....
#..###.©y###..# #.#.###
##.##...WOo###.## #.#.#
#..#.....##@.#..# #.#.#
#.##...O#≈#Q.##.# #.#.###
#.#.)...o.##..#.# #.....#
#.#.###._....©#.######.###.#
#.#..#≈!?(##..#........###.)
#.##.##W.#≈####.###.##.##...
#..##...?### #..# #.........
##.##......###..###.........
#..###.T.###..#...#.##.....


You could see a tengu warrior (berserk), a two-headed ogre (berserk), a moth of
wrath, an orc warrior (berserk) and Necrophagist's ghost.

Vanquished Creatures
  Snorg (D:10)
  Erolcha (D:10)
  A two-headed ogre (D:9)
  The ghost of BritishOli the Skirmisher, a novice DsFi of Okawaru (D:7)
  Joseph (D:7)
  A troll (D:9)
  8 yaks (D:9)
  Duvessa (D:4)
  A black bear (D:9)
  An orc warrior (D:6)
  3 phantoms
  4 centaurs
  3 ogres
  2 big kobolds
  6 bullfrogs
  3 gnoll sergeants (D:7)
  Dowan (D:4)
  A water moccasin skeleton (D:5)
  3 scorpions
  2 bullfrog zombies
  A hound (D:7)
  6 jellies
  Crazy Yiuf (D:3)
  2 bullfrog skeletons (D:7)
  A gnoll shaman (D:7)
  5 orc priests
  A centaur skeleton (D:5)
  2 iguanas
  3 orc wizards
  2 worker ants
  3 hound skeletons
  19 gnolls
  7 adders
  2 shadow imps
  A white imp (D:9)
  An ufetubus (D:5)
  3 oozes
  An adder zombie (D:5)
  3 worms
  2 dart slugs
  6 leopard geckos
  23 orcs
  5 bats
  7 giant cockroaches
  4 goblins
  5 hobgoblins
  20 kobolds
  4 quokkas
  2 ball pythons
  A ball python skeleton (D:5)
  8 frilled lizards
  A quokka skeleton (D:6)
  A quokka zombie (D:7)
  12 rats
210 creatures vanquished.

Vanquished Creatures (others)
  2 plants (D:7)
2 creatures vanquished.

Grand Total: 212 creatures vanquished

Notes
Turn   | Place    | Note
-------+----------+-------------------------------------------
     0 | D:1      | Infinimo the Minotaur Berserker began the quest for the
                  | Orb.
     0 | D:1      | Reached XP level 1. HP: 19/19 MP: 0/0
   266 | D:1      | Reached XP level 2. HP: 20/27 MP: 1/1
   409 | D:1      | Reached skill level 4 in Maces & Flails
   497 | D:1      | Reached XP level 3. HP: 23/33 MP: 2/2
   856 | D:2      | Reached ** piety under Trog
  1661 | D:3      | Reached XP level 4. HP: 41/41 MP: 3/3
  1888 | D:3      | Found a bloodstained altar of Trog.
  2080 | D:3      | Found a runed translucent door.
  2081 | D:3      | Noticed Crazy Yiuf
  2270 | D:3      | Reached skill level 5 in Maces & Flails
  2270 | D:3      | Reached XP level 5. HP: 47/47 MP: 4/4
  2794 | D:3      | Killed Crazy Yiuf
  2914 | D:4      | Found an opulent altar of Gozag.
  2939 | D:4      | Reached skill level 5 in Fighting
  2939 | D:4      | Reached XP level 6. HP: 56/56 MP: 5/5
  2948 | D:4      | Found a hazy altar of Hepliaklqana.
  2987 | D:4      | Found a staircase to the Ecumenical Temple.
  3125 | D:4      | Reached skill level 6 in Maces & Flails
  3278 | D:4      | Found a blossoming altar of Fedhas.
  3283 | D:4      | Found a basalt altar of Yredelemnul.
  3294 | D:4      | Found a snail-covered altar of Cheibriados.
  3301 | D:4      | Found a white marble altar of Elyvilon.
  3306 | D:4      | Found a radiant altar of Vehumet.
  3313 | D:4      | Found a stormy altar of Qazlal.
  3318 | D:4      | Found a shimmering blue altar of Sif Muna.
  3350 | D:4      | Reached *** piety under Trog
  3447 | D:4      | Found an ancient bone altar of Kikubaaqudgha.
  3566 | D:4      | Found Gikh's Weapon Shoppe.
  3591 | D:4      | Noticed Duvessa
  3591 | D:4      | Noticed Dowan
  3600 | D:4      | Killed Duvessa
  3600 | D:4      | Reached XP level 7. HP: 61/61 MP: 6/6
  3610 | D:4      | Killed Dowan
  3786 | D:4      | Reached skill level 7 in Maces & Flails
  3786 | D:4      | Reached skill level 5 in Armour
  3846 | D:5      | Entered Level 5 of the Dungeon
  3850 | D:5      | Found a bloodstained altar of Trog.
  3936 | D:5      | Reached skill level 5 in Dodging
  4059 | D:5      | Reached XP level 8. HP: 70/70 MP: 7/7
  4126 | D:5      | Reached skill level 8 in Maces & Flails
  4554 | D:6      | Found Pael's Distillery.
  4557 | D:6      | Bought 2 potions of curing for 84 gold pieces
  4763 | D:6      | Reached **** piety under Trog
  4897 | D:6      | Found a sacrificial altar of Ru.
  4974 | D:6      | Reached skill level 9 in Maces & Flails
  5089 | D:6      | Found a burning altar of Makhleb.
  5262 | D:6      | Found Wuomawk's Antique Weapon Boutique.
  5403 | D:7      | Noticed Joseph
  5417 | D:7      | Killed Joseph
  5417 | D:7      | Reached XP level 9. HP: 48/79 MP: 8/8
  5633 | D:7      | Found an ancient bone altar of Kikubaaqudgha.
  5850 | D:7      | Reached skill level 10 in Maces & Flails
  5883 | D:7      | Identified the ring of Heixo {*Tele rElec rF- Str-5 Dex+8}
  5910 | D:7      | Found a sparkling altar of Nemelex Xobeh.
  5955 | D:7      | Noticed BritishOli's ghost (novice DsFi)
  5964 | D:7      | Found a transporter.
  5984 | D:7      | Found a transporter.
  6234 | D:7      | Killed BritishOli's ghost
  6413 | D:8      | You fall into a shaft and drop 2 floors!
  6413 | D:10     | Entered Level 10 of the Dungeon
  6413 | D:10     | Noticed Erolcha
  6418 | D:10     | Killed Erolcha
  6418 | D:10     | Reached skill level 11 in Maces & Flails
  6418 | D:10     | Reached XP level 10. HP: 90/90 MP: 9/9
  6452 | D:10     | Noticed Snorg
  6469 | D:10     | Killed Snorg
  7011 | D:10     | Noticed Sonja
  7013 | D:10     | Found a runed translucent door.
  7258 | D:10     | Noticed Duliub's ghost (journeyman OgHu)
  7258 | D:10     | Noticed a war gargoyle
  7526 | D:9      | Reached skill level 12 in Maces & Flails
  7540 | D:9      | Reached ***** piety under Trog
  7725 | D:9      | Noticed a two-headed ogre
  7726 | D:9      | Noticed Necrophagist's ghost (novice DrTm)
  7730 | D:9      | Identified the +4 flail of the Evil Eye {vamp, +Rage}
  7730 | D:9      | Noticed a tengu warrior
  7730 | D:9      | Noticed a moth of wrath
  7737 | D:9      | Found a transporter.
  7737 | D:9      | Found a bloodstained altar of Trog.
  7743 | D:9      | Found a transporter.
  7941 | D:9      | Noticed a two-headed ogre
  7944 | D:9      | Identified the +7 morningstar "Goblinbane" {antimagic,
                  | +Rage rF+ Int+4 Dex-5}
  8182 | D:9      | Killed a two-headed ogre
  8183 | D:9      | HP: 6/139 [tengu warrior/the +4 flail of the Evil Eye
                  | {vamp, +Rage} (25)]
  8183 | D:9      | HP: 2/139 [tengu warrior/the +4 flail of the Evil Eye
                  | {vamp, +Rage} (3)]
  8183 | D:9      | Slain by an orc warrior

Illustrated notes

Levels and vault maps discovered:
D:1:      mrwooster_arrival_statue_2, layout_basic, st_stairs_8,
          minmay_misc_feat_square
D:2:      layout_rooms
D:3:      layout_basic, bloody_trog, uniq_crazy_yiuf_cottage
D:4:      layout_basic, grunt_temple_overflow_open, lemuel_doored_altar,
          grunt_temple_overflow_octagram, minmay_temple_entry_junction_2,
          serial_shops, kennysheep_little_box, uniq_duvessa
D:5:      layout_cave_pools, trog_butcher_becter
D:6:      layout_loops_ring, nicolae_overflow_hidden_temple, basic_altar,
          serial_shops, shop_fountains, kennysheep_mini
D:7:      layout_cave_pools, nemelex_xobeh_ov_fountains_minmay,
          gammafunk_ghost_gnarly_gnolls, basic_altar,
          minmay_misc_feat_diagonals, uniq_joseph
D:8:      layout_loops_ring, minmay_lair_entry_grove, basic_altar,
          minmay_nine_imps
D:9:      layout_loops_ring, gammafunk_ghost_wrathful_warriors,
          bh_walls_and_bars
D:10:     layout_loops_ring, serial_shops, nicolae_shop_waterfront,
          ebering_ghost_inner_flame, hive_lemuel, uniq_snorg, uniq_erolcha,
          uniq_sonja

Skill      XL: |  1  2  3  4  5  6  7  8  9 10 |
---------------+-------------------------------+-----
Fighting       | 4 5 6 7 8 9 |  9.8
Maces & Flails | 4 5 6 7 9 11 12 | 12.8
Armour         | 3 4 5 6 8 9 |  9.3
Dodging        | 3 4 5 6 7 8 |  8.6

Action                   |  1- 3 |  4- 6 |  7- 9 | 10-12 || total
-------------------------+-------+-------+-------+-------++-------
Melee: Mace              |    89 |    74 |       |       ||   163
       Headbutt          |    11 |    15 |    45 |    14 ||    85
       Flail             |       |    29 |   213 |    95 ||   337
Invok: Berserk           |     2 |     7 |     9 |     5 ||    23
  Use: Scroll            |     3 |     8 |     8 |       ||    19
       Potion            |       |       |       |     4 ||     4
 Stab: Sleeping          |     1 |       |       |       ||     1
Armor: Animal skin       |    16 |     7 |    26 |       ||    49
       Plate armour      |       |       |    18 |    44 ||    62
Dodge: Dodged            |    68 |    67 |   169 |    97 ||   401

Table legend:
 A = Non-vault XP
 B = Vault XP
 C = Vault XP percentage of total XP
 D = Non-vault monster count
 E = Vault monster count
 F = Vault count percentage of total count
                 A         B        C        D         E       F
            +---------+---------+-------+---------+---------+-------
      Total |    5910 |    4729 |  44.4 |     183 |      27 |  12.9
            +---------+---------+-------+---------+---------+-------
        D:1 |      44 |       9 |  17.0 |      24 |       2 |   7.7
        D:2 |      31 |       0 |   0.0 |      14 |       0 |   0.0
        D:3 |     161 |      41 |  20.3 |      26 |       1 |   3.7
        D:4 |     540 |     227 |  29.6 |      22 |       2 |   8.3
        D:5 |     668 |       6 |   0.9 |      21 |       4 |  16.0
        D:6 |     719 |       0 |   0.0 |      17 |       0 |   0.0
        D:7 |     807 |    1485 |  64.8 |      28 |      15 |  34.9
        D:8 |     110 |       0 |   0.0 |       1 |       0 |   0.0
        D:9 |    2737 |     910 |  25.0 |      29 |       1 |   3.3
       D:10 |      93 |    2051 |  95.7 |       1 |       2 |  66.7
            +---------+---------+-------+---------+---------+-------
